 Dungeon Crawl Stone Soup version 0.31.0-32-g396128a36d (webtiles) character file.

Game seed: 18008682688451906682

1227 Alphaeus the Ruffian (level 8, -8/54 HPs)
             Began as an Octopode Shapeshifter on Mar 19, 2024.
             Was a Believer of Wu Jian.
             Mangled by an ice beast (13 damage)
             ... on level 6 of the Dungeon.
             The game lasted 00:03:56 (4953 turns).

Alphaeus the Ruffian (Octopode Shapeshifter)        Turns: 4953, Time: 00:03:57

Health: -8/54      AC:  1    Str: 16    XL:     8   Next: 48%
Magic:  8/8        EV: 14    Int: 12    God:    Wu Jian [**....]
Gold:   173        SH:  0    Dex: 11    Spells: 7/7 levels left

rFire   . .          .
                       - Unarmed
rCold   . . .        (no shield)
rNeg    . . .        (helmet currently unavailable)
rPois   .            (no amulet)
rElec   .            (no ring)
rCorr   .            (no ring)
SInv    .            (no ring)
Will    .....        (no ring)
Stlth   ++           (no ring)
HPRegen 0.29/turn    (no ring)
MPRegen 0.11/turn    (no ring)
                     (no ring)

%: no passive effects
@: beast-form
A: beast (slay +3), almost no armour, amphibious, 8 rings, camouflage 1,
gelatinous body 1, (nimble swimmer 1), tentacles
a: Begin Untransformation, Renounce Religion, Wall Jump


You were on level 6 of the Dungeon.
You worshipped Wu Jian.
Wu Jian was pleased with you.
You were a hulking beast.
You visited 1 branch of the dungeon, and saw 6 of its levels.

You collected 173 gold pieces.

Inventory:

Talismans
 b - a beast talisman
 c - a flux talisman
Wands
 m - a wand of iceblast (3)
 s - a wand of digging (3)
Scrolls
 d - a scroll of brand weapon {unknown}
 g - a scroll of revelation {unknown}
 h - 4 scrolls of identify {unknown}
 i - a scroll of enchant armour {unknown}
 j - a scroll of immolation {unknown}
 p - a scroll of fear {unknown}
 q - a scroll of teleportation {unknown}
 r - a scroll of poison {unknown}
Potions
 a - 3 potions of lignification
 e - a potion of magic {unknown}
 k - a potion of berserk rage {unknown}
 l - a potion of haste {unknown}
 n - a potion of curing {unknown}
 o - a potion of attraction {unknown}
 t - a potion of degeneration {unknown}


   Skills:
 + Level 3.8 Fighting
 + Level 4.4 Dodging
 * Level 6.5 Unarmed Combat
 * Level 6.0 Shapeshifting


You had 7 spell levels left.
You didn't know any spells.
Your spell library contained the following spells:

 Spells                   Type           Power      Damage    Failure   Level
 Shock                    Conj/Air       0%         1d3       32%         1
 Ensorcelled Hibernation  Hex/Ice        0%         N/A       45%         2
 Fugue of the Fallen      Necr           0%         N/A       69%         3
 Ozocubu's Armour         Ice            0%         N/A       69%         3
 Passwall                 Erth           0%         N/A       69%         3
 Stone Arrow              Conj/Erth      0%         3d7       69%         3
 Swiftness                Air            0%         N/A       69%         3
 Airstrike                Air            0%         2d(0-16)  97%         4
 Manifold Assault         Tloc           0%         N/A       97%         4
 Lehudib's Crystal Spear  Conj/Erth      0%         10d2      100%        8
 Animate Armour           Summ/Erth      Unusable   N/A       N/A         4

Dungeon Overview and Level Annotations

Branches:
Dungeon (6/15)
 Temple: D:4-7

Altars:
Ashenzari
Dithmenos
Elyvilon
Kikubaaqudgha
Ru
Wu Jian
Xom
Zin


Innate Abilities, Weirdness & Mutations

You are a hulking beast.
Your limbs bulge with bestial killing power. (Slay +3)
You cannot wear most types of armour.
You are amphibious.
You can wear up to eight rings at the same time.
Your skin changes colour to match your surroundings (Stealth+).
Your rubbery body absorbs attacks. (AC +1, EV +1)
((You are camouflaged when in or above water. (Stealth+)))
You have tentacles for arms and can constrict up to eight enemies at once.


Message History

You are too injured to fight recklessly!
You are too injured to fight recklessly!
You are too injured to fight recklessly!
You barely miss the ice beast.
The ice beast is heavily wounded.
The ice beast misses you.
You barely miss the ice beast.
You squeeze the ice beast, but do no damage.
The ice beast is heavily wounded.
The ice beast closely misses you.
You tentacle-slap the ice beast but do no damage.
The ice beast is heavily wounded.
The ice beast hits you. The ice beast freezes you!
* * * LOW HITPOINT WARNING * * *
You bludgeon the ice beast! Your squeeze misses the ice beast.
The ice beast is almost dead.
The ice beast attacks as it pursues you!
The ice beast hits you.
* * * LOW HITPOINT WARNING * * *
The ice beast freezes you!
* * * LOW HITPOINT WARNING * * *
You feel much better. The ice beast closely misses you.
The ice beast attacks as it pursues you!
The ice beast completely misses you.
You tentacle-slap the ice beast. Your squeeze misses the ice beast.
The ice beast is almost dead.
The ice beast hits you. The ice beast freezes you!
You closely miss the ice beast.
The ice beast is almost dead.
The ice beast closely misses you.
You barely miss the ice beast.
The ice beast is almost dead.
The ice beast hits you. The ice beast freezes you!
* * * LOW HITPOINT WARNING * * *
You closely miss the ice beast.
The ice beast is almost dead.
The ice beast hits you.
* * * LOW HITPOINT WARNING * * *
The ice beast freezes you!
You die...

...(..#.###.†.........#
.........##.†.#.......#
......#.........###...#
..#...................###
#................##......
..#..>......###.....#...#
..###...###......#.....##
..................##...(.
..........######h......>.###
.................Y#####...<.
......## ........#D......#
......# ...........######
......# .............
.....## .........#####
.....# #####.#..# ##.#.
#.#... .. #.#..


You could see a steam dragon and an ice beast.

Vanquished Creatures
  A water moccasin (D:5)
  A sky beast (D:6)
  A black bear (D:4)
  A bullfrog (D:6)
  2 scorpions (D:5)
  A water moccasin zombie (D:6)
  A hound (D:6)
  3 jellies
  A bombardier beetle (D:4)
  2 orc priests
  5 iguanas
  A sleepcap (D:6)
  3 orc wizards
  7 gnolls
  6 adders
  A white imp (D:4)
  2 ufetubi (D:5)
  2 dart slugs
  2 ribbon worms
  16 orcs
  8 ball pythons
  3 bats
  10 endoplasms
  3 giant cockroaches
  7 hobgoblins
  8 jackals
  4 quokkas
  3 frilled lizards
  9 goblins
  2 kobolds
  6 rats
122 creatures vanquished.

Notes
Turn   | Place    | Note
-------+----------+-------------------------------------------
     0 | D:1      | Alphaeus the Octopode Shapeshifter began the quest for the
                  | Orb.
     0 | D:1      | Reached XP level 1. HP: 13/13 MP: 1/1
   139 | D:1      | Reached XP level 2. HP: 10/18 MP: 2/2
   264 | D:1      | Noticed a glass eye
   266 | D:1      | Found a faded altar of an unknown god.
   267 | D:1      | Noticed a great orb of eyes
   267 | D:1      | Noticed a golden eye
   267 | D:1      | Noticed a glass eye
   604 | D:1      | Reached XP level 3. HP: 21/23 MP: 3/3
   975 | D:2      | Found an ornate altar of the Wu Jian Council.
  1550 | D:2      | Reached XP level 4. HP: 18/28 MP: 4/4
  1941 | D:2      | Became a worshipper of the Wu Jian Council
  1967 | D:3      | You fall into a shaft and drop 2 floors!
  1967 | D:5      | Entered Level 5 of the Dungeon
  2467 | D:3      | Reached XP level 5. HP: 25/34 MP: 5/5
  2991 | D:4      | Reached * piety under Wu Jian
  2998 | D:4      | Reached XP level 6. HP: 29/39 MP: 6/6
  3112 | D:4      | Found an ancient bone altar of Kikubaaqudgha.
  3280 | D:4      | Noticed a black bear
  3286 | D:4      | Killed a black bear
  3409 | D:4      | Found a shimmering altar of Xom.
  3473 | D:4      | Found a white marble altar of Elyvilon.
  3715 | D:4      | Reached skill level 5 in Unarmed Combat
  3815 | D:4      | Found a sacrificial altar of Ru.
  3815 | D:4      | Found a shadowy altar of Dithmenos.
  3857 | D:5      | Noticed a water moccasin
  3864 | D:5      | Killed a water moccasin
  3865 | D:5      | Reached XP level 7. HP: 44/45 MP: 7/7
  3985 | D:5      | Reached skill level 5 in Shapeshifting
  3993 | D:5      | Found a broken altar of Ashenzari.
  4525 | D:6      | Reached XP level 8. HP: 44/52 MP: 8/8
  4550 | D:6      | Reached ** piety under Wu Jian
  4677 | D:6      | Found a glowing silver altar of Zin.
  4953 | D:6      | Mangled by an ice beast

Illustrated notes

Levels and vault maps discovered:
D:1:      lightli_arrival_noodles, layout_basic,
          hellmonk_ecumenical_altar_watching_god, minmay_misc_feat_roman,
          hex_tiny
D:2:      layout_loops_corners, basic_altar, serial_rivers,
          chequers_serial_rivers_marsh, chequers_serial_rivers_large_b,
          chequers_serial_rivers_micro_d, chequers_serial_rivers_micro_b,
          chequers_serial_rivers_micro_e
D:3:      layout_loops_ring, chequers_serial_rivers_micro_c,
          corexii_hall_statues_u, chequers_serial_rivers_micro_a
D:4:      layout_rooms, overflow_temple_1_default,
          mainiacjoe_overflow_tiny_flanked, kennysheep_little_box,
          gammafunk_temple_overflow_pools, roderic_serpentine_path,
          kennysheep_generic_room_15
D:5:      layout_rooms, mainiacjoe_overflow_surrounded_room
D:6:      layout_rooms, pdpol_temple_overflow_zin_treasury_gozag_greed,
          serial_undead, serial_undead_c, serial_undead_e, serial_undead_c,
          serial_undead_a, uniq_jeremiah

Skill      XL: |  1  2  3  4  5  6  7  8 |
---------------+-------------------------+-----
Unarmed Combat | 4 5 6 |  6.5
Shapeshifting  | 4 5 6 |  6.0
Fighting       | 2 3 |  3.8
Dodging        | 3 4 |  4.4

Action                     |  1- 3 |  4- 6 |  7- 9 || total
---------------------------+-------+-------+-------++-------
  Melee: Unarmed           |    75 |   117 |    94 ||   286
         Constrict         |    15 |    25 |    22 ||    62
         Tentacles         |    10 |    20 |    26 ||    56
         Punch             |       |     4 |     4 ||     8
Ability: Lunge             |       |    17 |     4 ||    21
         Whirlwind         |       |       |     4 ||     4
    Use: Potion            |       |       |     3 ||     3
   Stab: Sleeping          |     8 |    11 |       ||    19
         Distracted        |       |     1 |     1 ||     2
 Armour: Skin              |    25 |    42 |    45 ||   112
  Dodge: Dodged            |    37 |    49 |    52 ||   138
